TOP OF THE 1ST |
Jersey City Tritons batting - Pitching for Plymouth Rocks : RHP Ken Shelton
|
Pitching: RHP Ken Shelton
|
|
Batting: LHB Dana Waldrip
|
0-0: Ball 1-0: Called Strike 1-1: Ball 2-1: Foul Ball, location: 2F 2-2: Foul Ball, location: 2F 2-2: Ball 3-2: DOUBLE (Flyball, 78D)
|
Batting: RHB Arturo Scantlebury
|
0-0: Ball 1-0: Swinging Strike 1-1: Swinging Strike 1-2: Strikes out swinging
|
Batting: SHB Dave Atkins
|
0-0: Called Strike 0-1: Foul Ball, location: 2F 0-2: Strikes out swinging
|
Batting: RHB Yoshihiro Iwasaki
|
0-0: Foul Ball, location: 2F 0-1: Called Strike 0-2: Ball 1-2: Foul Ball, location: 2F 1-2: Ground out 5-3 (Groundball, 5L)
|
Top of the 1st over - 0 runs, 1 hit, 0 errors, 1 left on base; Jersey City 0 - Plymouth 0 |
BOTTOM OF THE 1ST |
Plymouth Rocks batting - Pitching for Jersey City Tritons : RHP Francisco Sandoval
|
Pitching: RHP Francisco Sandoval
|
|
Batting: LHB José Castillo
|
0-0: Ball 1-0: SINGLE (Line Drive, 4MD)
|
Batting: LHB Octávio Ontiveros
|
0-0: Called Strike 0-1: Ball 1-1: Foul Ball, location: 2F 1-2: Strikes out swinging
|
Batting: LHB Adrian McCoy
|
0-0: Called Strike José Castillo steals 2nd base 0-1: Called Strike 0-2: Ball 1-2: Ball Wild Pitch! José Castillo to third 2-2: Ball 3-2: Strikes out swinging
|
Batting: SHB Javier Vega
|
0-0: Called Strike 0-1: Ball 1-1: Ball 2-1: Foul Ball, location: 2F 2-2: Ball 3-2: Fly out, F5 (Popup, 5S)
|
Bottom of the 1st over - 0 runs, 1 hit, 0 errors, 1 left on base; Jersey City 0 - Plymouth 0 |
TOP OF THE 2ND |
Jersey City Tritons batting - Pitching for Plymouth Rocks : RHP Ken Shelton
|
Batting: RHB Rand McNally
|
0-0: Swinging Strike 0-1: Ball 1-1: Ball 2-1: Called Strike 2-2: Foul Ball, location: 2F 2-2: Ball 3-2: Base on Balls
|
Batting: SHB Holden Nolan
|
0-0: Called Strike 0-1: Ball 1-1: SINGLE (Line Drive, 9S) Rand McNally to second Runner from 2nd tries for 3rd, SAFE, no throw
|
Batting: RHB Carlos Rúbio
|
0-0: Swinging Strike 0-1: Ball 1-1: Called Strike 1-2: Ball 2-2: Strikes out swinging
|
Batting: RHB Brian Moring
|
0-0: Called Strike 0-1: Ball 1-1: Swinging Strike 1-2: Fly out, F9 (Flyball, 9LMF) Runner from 3rd tags up, SCORES, no throw
|
Batting: RHB Marcos Alfaro
|
0-0: Called Strike 0-1: Ball 1-1: Ball 2-1: Fly out, F6 (Line Drive, 6M)
|
Top of the 2nd over - 1 run, 1 hit, 0 errors, 1 left on base; Jersey City 1 - Plymouth 0 |
BOTTOM OF THE 2ND |
Plymouth Rocks batting - Pitching for Jersey City Tritons : RHP Francisco Sandoval
|
Batting: RHB Chris Costa
|
0-0: Called Strike 0-1: Ball 1-1: Foul Ball, location: 2F 1-2: Ball 2-2: Foul Ball, location: 2F 2-2: Fly out, F8 (Flyball, 8LD)
|
Batting: LHB Edgardo De Jesús
|
0-0: Ground out 1-3 (Groundball, 13)
|
Batting: RHB Cosmo Bjorkenheim
|
0-0: Ball 1-0: Ball 2-0: Called Strike 2-1: Ball 3-1: Called Strike 3-2: Base on Balls
|
Batting: SHB Raúl Rodríguez
|
0-0: Ball 1-0: SINGLE (Groundball, 34D) Cosmo Bjorkenheim to second Runner from 2nd tries for 3rd, OUT!
|
Bottom of the 2nd over - 0 runs, 1 hit, 0 errors, 1 left on base; Jersey City 1 - Plymouth 0 |
TOP OF THE 3RD |
Jersey City Tritons batting - Pitching for Plymouth Rocks : RHP Ken Shelton
|
Batting: LHB Dana Waldrip
|
0-0: Ball 1-0: Ball 2-0: Reached on error, E4 (Groundball, 4)
|
Batting: RHB Arturo Scantlebury
|
0-0: Foul Ball, location: 2F 0-1: Called Strike 0-2: Fly out, F7 (Flyball, 7)
|
Batting: SHB Dave Atkins
|
0-0: Ball 1-0: Ball 2-0: Ball Wild Pitch! Dana Waldrip to third 3-0: Called Strike 3-1: Foul Ball, location: 2F 3-2: Ground out 4-3 (Groundball, 34) Dana Waldrip scores
|
Batting: RHB Yoshihiro Iwasaki
|
0-0: DOUBLE (Flyball, 78XD)
|
Batting: RHB Rand McNally
|
0-0: Ball 1-0: Foul Ball, location: 2F 1-1: Called Strike 1-2: Fly out, F9 (Flyball, 89M)
|
Top of the 3rd over - 1 run, 1 hit, 1 error, 1 left on base; Jersey City 2 - Plymouth 0 |
BOTTOM OF THE 3RD |
Plymouth Rocks batting - Pitching for Jersey City Tritons : RHP Francisco Sandoval
|
Batting: RHB Luis Guerrero
|
0-0: Called Strike 0-1: Swinging Strike 0-2: Ball 1-2: Ground out 6-3 (Groundball, 6)
|
Batting: LHB José Castillo
|
0-0: Called Strike 0-1: Ball 1-1: Foul Ball, location: 2F 1-2: Ball 2-2: Foul Ball, location: 2F 2-2: Ground out 5-3 (Groundball, 56)
|
Batting: LHB Octávio Ontiveros
|
0-0: Ball 1-0: Ball 2-0: Ball 3-0: Called Strike 3-1: Foul Ball, location: 2F 3-2: Base on Balls
|
Batting: LHB Adrian McCoy
|
0-0: Called Strike 0-1: Called Strike 0-2: Ball 1-2: Foul Ball, location: 2F 1-2: Ball 2-2: Ball 3-2: Ground out 4-3 (Groundball, 34D)
|
Bottom of the 3rd over - 0 runs, 0 hits, 0 errors, 1 left on base; Jersey City 2 - Plymouth 0 |
TOP OF THE 4TH |
Jersey City Tritons batting - Pitching for Plymouth Rocks : RHP Ken Shelton
|
Batting: SHB Holden Nolan
|
0-0: Ball 1-0: Ball 2-0: Called Strike 2-1: Foul Ball, location: 2F 2-2: Foul Ball, location: 2F 2-2: Ball 3-2: Foul Ball, location: 2F 3-2: SINGLE (Line Drive, 6M)
|
Batting: RHB Carlos Rúbio
|
0-0: Foul Ball, location: 2F 0-1: Ball 1-1: Swinging Strike 1-2: Ball 2-2: Ball 3-2: Foul Ball, location: 2F 3-2: Strikes out swinging
|
Batting: RHB Brian Moring
|
0-0: Called Strike 0-1: Ball 1-1: Ball 2-1: Foul Ball, location: 2F 2-2: SINGLE (Line Drive, 7LS) Holden Nolan to second
|
Batting: RHB Marcos Alfaro
|
0-0: Ball 1-0: Called Strike 1-1: Ball 2-1: Foul Ball, location: 2F 2-2: SINGLE (Groundball, 6MD) Holden Nolan to third Brian Moring to second Runner from 3rd tries for Home, SAFE, no throw
|
Batting: LHB Dana Waldrip
|
0-0: Swinging Strike 0-1: Ball 1-1: Swinging Strike 1-2: SINGLE (Groundball, 34D) Brian Moring to third Marcos Alfaro to second
|
Batting: RHB Arturo Scantlebury
|
0-0: Ball 1-0: Called Strike 1-1: Foul Ball, location: 2F 1-2: Strikes out swinging
|
Batting: SHB Dave Atkins
|
0-0: Called Strike 0-1: Foul Ball, location: 2F 0-2: SINGLE (Groundball, 34D) Brian Moring scores Marcos Alfaro to third Dana Waldrip to second Runner from 3rd tries for Home, SAFE, no throw
|
Batting: RHB Yoshihiro Iwasaki
|
0-0: Ball 1-0: Foul Ball, location: 2F 1-1: Ball 2-1: Ball 3-1: Called Strike 3-2: Foul Ball, location: 2F 3-2: DOUBLE (Flyball, 78D) Dana Waldrip scores Dave Atkins to third Dave Atkins scores
|
Batting: RHB Rand McNally
|
0-0: Ball 1-0: Ground out 4-3 (Groundball, 4)
|
Top of the 4th over - 5 runs, 6 hits, 0 errors, 1 left on base; Jersey City 7 - Plymouth 0 |
BOTTOM OF THE 4TH |
Plymouth Rocks batting - Pitching for Jersey City Tritons : RHP Francisco Sandoval
|
Batting: SHB Javier Vega
|
0-0: Ball 1-0: Foul Ball, location: 2F 1-1: Fly out, F8 (Flyball, 8RS)
|
Batting: RHB Chris Costa
|
0-0: Ball 1-0: Called Strike 1-1: Swinging Strike 1-2: Foul Ball, location: 2F 1-2: Ball 2-2: Foul Ball, location: 2F 2-2: Foul Ball, location: 2F 2-2: Ball 3-2: Foul Ball, location: 2F 3-2: Foul Ball, location: 2F 3-2: SINGLE (Flyball, 7S)
|
Batting: LHB Edgardo De Jesús
|
0-0: Ball 1-0: Called Strike 1-1: Foul Ball, location: 2F 1-2: Ball 2-2: SINGLE (Groundball, 56D) Chris Costa to second
|
Batting: RHB Cosmo Bjorkenheim
|
0-0: Grounds into double play, 5-4-3 (Groundball, 56)
|
Bottom of the 4th over - 0 runs, 2 hits, 0 errors, 1 left on base; Jersey City 7 - Plymouth 0 |
TOP OF THE 5TH |
Jersey City Tritons batting - Pitching for Plymouth Rocks : RHP Ken Shelton
|
Batting: SHB Holden Nolan
|
0-0: Foul Ball, location: 2F 0-1: Swinging Strike 0-2: Ball 1-2: Strikes out swinging
|
Batting: RHB Carlos Rúbio
|
0-0: DOUBLE (Line Drive, 78XD)
|
Batting: RHB Brian Moring
|
0-0: Ground out 5-3 (Groundball, 56)
|
Batting: RHB Marcos Alfaro
|
0-0: Fly out, F7 (Line Drive, 7)
|
Top of the 5th over - 0 runs, 1 hit, 0 errors, 1 left on base; Jersey City 7 - Plymouth 0 |
BOTTOM OF THE 5TH |
Plymouth Rocks batting - Pitching for Jersey City Tritons : RHP Francisco Sandoval
|
Batting: SHB Raúl Rodríguez
|
0-0: Ball 1-0: SINGLE (Line Drive, 9S)
|
Batting: RHB Luis Guerrero
|
0-0: Called Strike 0-1: Ball 1-1: Ball 2-1: Called Strike Raúl Rodríguez steals 2nd base 2-2: Ball 3-2: Ground out 4-3 (Groundball, 4MS) Raúl Rodríguez to third
|
Batting: LHB José Castillo
|
0-0: Called Strike 0-1: Ball 1-1: Ball 2-1: SINGLE (Line Drive, 89M) Raúl Rodríguez scores
|
Batting: LHB Octávio Ontiveros
|
0-0: Called Strike 0-1: Ball 1-1: Fielders Choice at 2nd, 3-6 (Groundball, 3)
|
Batting: LHB Adrian McCoy
|
0-0: Called Strike Octávio Ontiveros steals 2nd base 0-1: Ground out 4-3 (Groundball, 4)
|
Bottom of the 5th over - 1 run, 2 hits, 0 errors, 1 left on base; Jersey City 7 - Plymouth 1 |
TOP OF THE 6TH |
Jersey City Tritons batting - Pitching for Plymouth Rocks : RHP Ken Shelton
|
Pitching: LHP Ryan McCall
|
|
Batting: LHB Dana Waldrip
|
0-0: SINGLE (Groundball, 4MD)
|
Batting: RHB Arturo Scantlebury
|
0-0: Called Strike 0-1: Called Strike 0-2: Strikes out looking
|
Batting: SHB Dave Atkins
|
0-0: Ball 1-0: Ball 2-0: Grounds into double play, 5-4-3 (Groundball, 56)
|
Top of the 6th over - 0 runs, 1 hit, 0 errors, 0 left on base; Jersey City 7 - Plymouth 1 |
BOTTOM OF THE 6TH |
Plymouth Rocks batting - Pitching for Jersey City Tritons : RHP Francisco Sandoval
|
Batting: SHB Javier Vega
|
0-0: Ground out 1-4-3 (Groundball, 15S)
|
Batting: RHB Chris Costa
|
0-0: SOLO HOME RUN (Flyball, 78XD), Distance : 450 ft
|
Batting: LHB Edgardo De Jesús
|
0-0: Ball 1-0: Ball 2-0: Swinging Strike 2-1: Foul Ball, location: 2F 2-2: Foul Ball, location: 2F 2-2: Fly out, F6 (Line Drive, 6M)
|
Batting: RHB Cosmo Bjorkenheim
|
0-0: Foul Ball, location: 2F 0-1: Ground out 4-3 (Groundball, 4MS)
|
Bottom of the 6th over - 1 run, 1 hit, 0 errors, 0 left on base; Jersey City 7 - Plymouth 2 |
TOP OF THE 7TH |
Jersey City Tritons batting - Pitching for Plymouth Rocks : LHP Ryan McCall
|
Batting: RHB Yoshihiro Iwasaki
|
0-0: Called Strike 0-1: Called Strike 0-2: Strikes out swinging
|
Batting: RHB Rand McNally
|
0-0: Fly out, F7 (Flyball, 7S)
|
Batting: SHB Holden Nolan
|
0-0: Swinging Strike 0-1: Foul Ball, location: 2F 0-2: Ball 1-2: Foul Ball, location: 2F 1-2: SINGLE (Groundball, 56D)
|
Batting: RHB Carlos Rúbio
|
0-0: Ball 1-0: Called Strike 1-1: Ball 2-1: Called Strike 2-2: Strikes out swinging
|
Top of the 7th over - 0 runs, 1 hit, 0 errors, 1 left on base; Jersey City 7 - Plymouth 2 |
BOTTOM OF THE 7TH |
Plymouth Rocks batting - Pitching for Jersey City Tritons : RHP Francisco Sandoval
|
Pitching: RHP Eddie Schmitt
|
|
Batting: SHB Raúl Rodríguez
|
0-0: Ball 1-0: Ball 2-0: Called Strike 2-1: Foul Ball, location: 2F 2-2: Ball 3-2: Foul Ball, location: 2F 3-2: Base on Balls
|
Batting: RHB Luis Guerrero
|
0-0: Ball 1-0: Foul Ball, location: 2F 1-1: Ball 2-1: Fielders Choice at 2nd, 4-6 (Groundball, 4M)
|
Batting: LHB José Castillo
|
0-0: Called Strike Luis Guerrero steals 2nd base 0-1: Ball 1-1: Ball 2-1: Fly out, F5 (Popup, 25F)
|
Batting: LHB Octávio Ontiveros
|
0-0: Ball 1-0: Called Strike 1-1: Foul Ball, location: 2F 1-2: Ball 2-2: Ball 3-2: Foul Ball, location: 2F 3-2: Foul Ball, location: 2F 3-2: SINGLE (Groundball, 34S) (infield hit) Luis Guerrero to third
|
Batting: LHB Adrian McCoy
|
0-0: Called Strike 0-1: Foul Ball, location: 2F 0-2: Ball 1-2: 3-RUN HOME RUN (Flyball, 9LD), Distance : 356 ft
|
Pitching: RHP Jesús Colón
|
|
Batting: SHB Javier Vega
|
0-0: Called Strike 0-1: Ball 1-1: Hit by Pitch
|
Batting: RHB Chris Costa
|
0-0: Called Strike 0-1: Ball 1-1: Ball 2-1: Fly out, F7 (Flyball, 7LSF)
|
Bottom of the 7th over - 3 runs, 2 hits, 0 errors, 1 left on base; Jersey City 7 - Plymouth 5 |
TOP OF THE 8TH |
Jersey City Tritons batting - Pitching for Plymouth Rocks : LHP Ryan McCall
|
Batting: RHB Brian Moring
|
0-0: Called Strike 0-1: Called Strike 0-2: Ball 1-2: Foul Ball, location: 2F 1-2: Ground out U3 (Groundball, 3)
|
Batting: RHB Marcos Alfaro
|
0-0: Called Strike 0-1: Ball 1-1: Called Strike 1-2: Foul Ball, location: 2F 1-2: Strikes out looking
|
Batting: LHB Dana Waldrip
|
0-0: Foul Ball, location: 2F 0-1: Foul Ball, location: 2F 0-2: Fly out, F8 (Flyball, 8LM)
|
Top of the 8th over - 0 runs, 0 hits, 0 errors, 0 left on base; Jersey City 7 - Plymouth 5 |
BOTTOM OF THE 8TH |
Plymouth Rocks batting - Pitching for Jersey City Tritons : RHP Jesús Colón
|
Now at C: Stephen Crouch
|
|
Now at SS: Micheal Lovell
|
|
Now in LF: Marvin Hunter
|
|
Batting: LHB Edgardo De Jesús
|
0-0: Called Strike 0-1: Foul Ball, location: 2F 0-2: SINGLE (Groundball, 56D)
|
Batting: RHB Cosmo Bjorkenheim
|
0-0: Ball 1-0: Ball 2-0: Called Strike 2-1: Ball 3-1: Called Strike 3-2: Foul Ball, location: 2F 3-2: Ground out 4-3 (Groundball, 4S) Edgardo De Jesús to second
|
Batting: SHB Raúl Rodríguez
|
0-0: Foul Ball, location: 2F 0-1: Ball 1-1: Ball 2-1: Ground out 3-1 (Groundball, 34S) Edgardo De Jesús to third
|
Batting: RHB Luis Guerrero
|
0-0: Called Strike 0-1: Called Strike 0-2: Ball 1-2: SINGLE (Line Drive, 8RS) Edgardo De Jesús scores
|
Batting: LHB José Castillo
|
0-0: Ball 1-0: Called Strike 1-1: Ball 2-1: Foul Ball, location: 2F 2-2: Ball 3-2: SINGLE (Line Drive, 6MD) Luis Guerrero to second Luis Guerrero to third
|
Batting: LHB Octávio Ontiveros
|
0-0: Ball 1-0: Ball 2-0: Called Strike 2-1: Foul Ball, location: 2F 2-2: DOUBLE (Line Drive, 9LD) Luis Guerrero scores José Castillo to third Runner from 3rd tries for Home, SAFE, throw made at trailing runner, OUT at third!
|
Bottom of the 8th over - 3 runs, 4 hits, 0 errors, 0 left on base; Jersey City 7 - Plymouth 8 |
TOP OF THE 9TH |
Jersey City Tritons batting - Pitching for Plymouth Rocks : LHP Ryan McCall
|
Pitching: LHP Roberto Aguirre
|
|
Batting: RHB Arturo Scantlebury
|
0-0: Ball 1-0: Foul Ball, location: 2F 1-1: Foul Ball, location: 2F 1-2: Strikes out looking
|
Batting: SHB Dave Atkins
|
0-0: Ball 1-0: Called Strike 1-1: Foul Ball, location: 2F 1-2: Foul Ball, location: 2F 1-2: Foul Ball, location: 2F 1-2: SINGLE (Flyball, 78S)
|
Pinch Runner at 1st Rubén Arce:
|
|
Batting: RHB Yoshihiro Iwasaki
|
0-0: Ball 1-0: Ball 2-0: Fly out, F6 (Line Drive, 56)
|
Batting: RHB Rand McNally
|
0-0: Ball 1-0: Fly out, F9 (Flyball, 9S)
|
Top of the 9th over - 0 runs, 1 hit, 0 errors, 1 left on base; Jersey City 7 - Plymouth 8 |
|